 Dungeon Crawl Stone Soup version 0.27-a0-1193-g8631133539 (webtiles) character file.

Game seed: 352574452750936885

7852 pokeman the Thaumaturge (level 11, -3/59 HPs)
             Began as a Deep Elf Hedge Wizard on May 26, 2021.
             Was a Follower of Vehumet.
             Killed from afar by an efreet (9 damage)
             ... with a fireball
             ... on level 10 of the Dungeon.
             The game lasted 00:29:42 (11274 turns).

pokeman the Thaumaturge (Deep Elf Hedge Wizard)    Turns: 11274, Time: 00:29:42

Health: -3/59      AC:  8    Str:  7    XL:     11   Next: 2%
Magic:  22/31      EV: 12    Int: 23    God:    Vehumet [*.....]
Gold:   756        SH:  5    Dex: 14    Spells: 10/38 levels left

rFire    + + .     SeeInvis .   s - +2 whip (venom)
rCold    + . .     Faith    +   z - +0 buckler
rNeg     . . .     Spirit   .   C - +3 leather armour {rF+}
rPois    .         Reflect  .   c - +0 hat
rElec    .         Harm     .   d - scarf {rC+ rF+}
rCorr    .         Rampage  .   f - +0 pair of gloves
Will     +....                  i - +0 pair of boots
Stlth    ++........             S - amulet of faith
HPRegen  0.19/turn              y - +4 ring of slaying
MPRegen  0.22/turn              K - ring of wizardry

@: very slightly contaminated
A: no striking features
a: Renounce Religion


You were on level 10 of the Dungeon.
You worshipped Vehumet.
Vehumet was aware of your devotion.
You visited 2 branches of the dungeon, and saw 11 of its levels.
You also visited: Sewer.

You collected 756 gold pieces.

Inventory:

Hand Weapons
 b - a +0 arbalest
 s - a +2 whip of venom (weapon)
 x - the +4 glaive "Poschoita" {protect, rC- rN+ Str+2 SInv}
   (You found it on level 4 of the Dungeon)

   It grants its wielder temporary protection when it strikes (+7 to AC).
   It affects your strength (+2).
   It makes you vulnerable to cold.
   It protects you from negative energy.
   It lets you see invisible.
 E - a +3 quarterstaff of chaos
 N - a +0 shortbow
Missiles
 h - 141 arrows
 w - 88 bolts
 I - 2 atropa-tipped darts
Armour
 c - a +0 hat (worn)
 d - a scarf of resistance (worn)
 f - a +0 pair of gloves (worn)
 i - a +0 pair of boots (worn)
 z - a +0 buckler (worn)
 C - a +3 leather armour of fire resistance (worn)
Magical Staves
 v - a staff of air
Jewellery
 m - a ring of positive energy
 y - a +4 ring of slaying (left hand)
 B - an amulet of the acrobat
 K - a ring of wizardry (right hand)
 S - an amulet of faith (around neck)
Wands
 r - a wand of iceblast (15)
 J - a wand of paralysis (10)
 L - a wand of flame (47)
 M - a wand of acid (6)
 P - a wand of mindburst (14)
 R - a wand of digging (5)
Scrolls
 a - a scroll of torment {unknown}
 e - 10 scrolls of identify {unknown}
 g - 5 scrolls of amnesia {unknown}
 j - 3 scrolls of noise {unknown}
 k - a scroll of enchant armour {unknown}
 o - 4 scrolls of blinking {unknown}
 q - 2 scrolls of fog {unknown}
 u - a scroll of immolation {unknown}
 A - a scroll of enchant weapon {unknown}
 D - a scroll of vulnerability {unknown}
 F - 3 scrolls of magic mapping {unknown}
 H - 3 scrolls of teleportation {unknown}
Potions
 l - 3 potions of ambrosia {unknown}
 n - 3 potions of flight {unknown}
 p - 4 potions of haste {unknown}
 t - 6 potions of curing
 G - 2 potions of heal wounds {unknown}
 O - a potion of lignification {unknown}
 Q - a potion of invisibility {unknown}
 T - a potion of cancellation {unknown}


   Skills:
 + Level 2.6 Fighting
 - Level 3.1 Armour
 - Level 3.0 Dodging
 - Level 3.1 Stealth
 - Level 4.1 Shields
 * Level 14.1 Spellcasting
 + Level 8.3 Conjurations
 - Level 1.1 Summonings
 - Level 1.1 Translocations
 + Level 7.5 Fire Magic
 - Level 1.1 Air Magic
 - Level 1.1 Poison Magic
 - Level 1.2 Evocations


You had 10 spell levels left.
You knew the following spells:

 Your Spells              Type           Power      Damage    Failure   Level
a - Magic Dart            Conj           100%       1d8       1%          1
b - Mephitic Cloud        Conj/Pois/Air  32%        N/A       1%          3
c - Call Imp              Summ           21%        N/A       2%          2
d - Blink                 Tloc           N/A        N/A       2%          2
e - Conjure Flame         Conj/Fire      52%        6-21      1%          3
f - Foxfire               Conj/Fire      100%       2x1d9     1%          1
g - Bolt of Magma         Conj/Fire/Erth 20%        4d10      7%          5
h - Swiftness             Air            21%        N/A       4%          3
i - Shock                 Conj/Air       100%       1d9       1%          1
j - Orb of Destruction    Conj           26%        9d11      50%         7

Your spell library contained the following spells:

 Spells                   Type           Power      Damage    Failure   Level
 Static Discharge         Conj/Air       38%        N/A       1%          2
 Inner Flame              Hex/Fire       33%        N/A       1%          3
 Iskenderun's Battlesphe  Conj           53%        2d10      1%          5
 Corona                   Hex            17%        N/A       2%          1
 Slow                     Hex            16%        N/A       3%          2
 Portal Projectile        Hex/Tloc       36%        N/A       5%          3
 Lightning Bolt           Conj/Air       19%        1d33      9%          5
 Airstrike                Air            10%        N/A       13%         4
 Cause Fear               Hex            8%         N/A       21%         4
 Leda's Liquefaction      Hex/Erth       8%         N/A       21%         4
 Iron Shot                Conj/Erth      17%        9d4       50%         6
 Spellforged Servitor     Conj/Summ      19%        N/A       92%         7


Dungeon Overview and Level Annotations

Branches:
Dungeon (10/15)            Temple (1/1) D:7           Sewer (visited)
   Lair: D:8-11         Orc: D:9-12

Altars:
Ashenzari
Cheibriados
Dithmenos
Elyvilon
Gozag
Hepliaklqana
Kikubaaqudgha
Makhleb
Nemelex Xobeh
Okawaru
Qazlal
Ru
Trog
Uskayaw
Vehumet
Wu Jian
Xom
Yredelemnul
Zin
The Shining One

Shops:
D:1 *   D:6 [   D:9 *

Annotations:
D:3 3 runed translucent doors, robertstho's ghost, amateur TeBe
D:10 2 runed translucent doors


Message History

Aiming: Orb of Destruction (potentially lethal; 50% risk of failure)
Press: ? - help, Shift-Dir - straight line, f - efreet
Aim: an efreet, wielding a +0 scimitar of flaming You miscast Orb of Destruction.
You are very lightly contaminated with residual magic.
Sparks fly from your hands!! The efreet gestures at you.
The fireball explodes!
The fireball engulfs you. You resist.
Unknown command.
Unknown command.
Casting: Orb of Destruction (potentially lethal; 50% risk of failure)
Confirm with . or Enter, or press ? or * to list all spells.
You feel quick.
Unknown command.
Casting: Swiftness (dangerous; 4% risk of failure)
Confirm with . or Enter, or press ? or * to list all spells.
The spell is potentially lethal to cast (50% risk of failure)!
Continue anyway?
Aiming: Orb of Destruction (potentially lethal; 50% risk of failure)
Press: ? - help, Shift-Dir - straight line, f/p - efreet
Aim: an efreet, wielding a +0 scimitar of flaming You miscast Orb of Destruction.
Strange energies run through your body!!
* * * LOW HITPOINT WARNING * * *
The efreet gestures at you. The bolt of fire misses you.
You start to feel a little slower.
You feel sluggish.
You start to feel a little faster.
You no longer feel sluggish.
The efreet gestures at you.
The fireball explodes!
The fireball engulfs you. You resist.
* * * LOW HITPOINT WARNING * * *
Unknown command.
The efreet gestures at you. The bolt of fire hits you! You resist.
* * * LOW HITPOINT WARNING * * *
There is a stone staircase leading up here.
The efreet gestures at you.
The fireball explodes!
The fireball engulfs you! You resist.
You die...

### #### #.# #..# #.#
#..####.#
#.......#################
#.○°☼○○☼○○R.....@.......#
#○......................#
☼...>...................#
#######.................#
......#.................####
......#......######........#
......#......'....#........#
......'.######....#........#
......#.# #####.#........#


You could see an efreet.

Vanquished Creatures
  A hydra (D:10)
  Maurice (D:8)
  2 cyclopes (D:10)
  A yaktaur (D:10)
  Grinder (D:6)
  A slime creature (D:10)
  A shadow (D:9)
  8 yaks (D:10)
  A wyvern (D:10)
  A wraith (D:10)
  Eustachio (D:5)
  An acid dragon (D:8)
  Duvessa (D:7)
  A water moccasin (Sewer)
  2 orc warriors
  A sky beast (D:8)
  4 black bears
  3 ice beasts
  2 necrophages
  3 ogres
  4 centaurs
  A kobold brigand (D:8)
  A bullfrog (D:9)
  A gnoll sergeant (D:8)
  3 scorpions
  A wyvern skeleton (D:7)
  Dowan (D:7)
  2 howler monkeys
  2 bullfrog zombies
  4 centaur zombies
  Crazy Yiuf (D:5)
  2 orc priests (D:5)
  2 gnoll shamans
  2 jellies
  A bullfrog skeleton (D:5)
  4 centaur skeletons
  2 iguanas
  A scorpion zombie (D:5)
  3 orc wizards
  A howler monkey zombie (D:8)
  7 gnolls
  8 adders
  A shadow imp (D:6)
  A white imp (D:4)
  An adder skeleton (D:4)
  A worm (D:4)
  2 dart slugs (D:5)
  21 orcs
  11 bats
  5 endoplasms
  5 giant cockroaches
  7 goblins
  4 hobgoblins
  5 jackals
  9 kobolds
  4 quokkas (D:5)
  7 ball pythons
  4 frilled lizards
  4 rats
183 creatures vanquished.

Vanquished Creatures (collateral kills)
  A centaur zombie (D:8)
  2 gnolls (D:8)
3 creatures vanquished.

Vanquished Creatures (others)
  39 foxfires
  3 fungi (D:6)
42 creatures vanquished.

Grand Total: 228 creatures vanquished

Notes
Turn   | Place    | Note
-------+----------+-------------------------------------------
     0 | D:1      | pokeman the Deep Elf Hedge Wizard began the quest for the
                  | Orb.
     0 | D:1      | Reached XP level 1. HP: 10/10 MP: 7/7
   199 | D:1      | Found Myihinwi's General Store.
   415 | D:1      | Reached XP level 2. HP: 15/15 MP: 5/9
   551 | D:1      | Found a faded altar of an unknown god.
  1285 | D:2      | Found a glowing golden altar of the Shining One.
  1347 | D:2      | Reached skill level 5 in Spellcasting
  1413 | D:2      | Reached XP level 3. HP: 14/20 MP: 6/11
  1417 | D:2      | Learned a level 3 spell: Mephitic Cloud
  1420 | D:2      | Learned a level 2 spell: Call Imp
  1424 | D:2      | Learned a level 2 spell: Blink
  1428 | D:2      | Learned a level 3 spell: Conjure Flame
  1696 | D:2      | Reached skill level 1 in Armour
  1705 | D:2      | Reached skill level 1 in Fighting
  2547 | D:3      | Found a runed translucent gate.
  2547 | D:3      | Found a runed translucent gate.
  2547 | D:3      | Found a runed translucent gate.
  2750 | D:3      | Reached XP level 4. HP: 25/25 MP: 9/13
  2883 | D:3      | Reached skill level 1 in Fire Magic
  3148 | D:3      | Noticed robertstho's ghost (amateur TeBe)
  3296 | D:4      | Found an ancient bone altar of Kikubaaqudgha.
  3301 | D:4      | Reached skill level 6 in Spellcasting
  3301 | D:4      | Reached XP level 5. HP: 23/29 MP: 7/15
  3368 | D:4      | Found a shimmering altar of Xom.
  3628 | D:4      | Reached skill level 1 in Air Magic
  3666 | D:4      | Found a white marble altar of Elyvilon.
  3674 | D:4      | Found a bloodstained altar of Trog.
  3688 | D:4      | Found a glowing golden altar of the Shining One.
  3736 | D:4      | Identified the +4 glaive "Poschoita" {protect, rC- rN+
                  | Str+2 SInv}
  3771 | D:4      | Found a basalt altar of Yredelemnul.
  3915 | D:4      | Reached XP level 6. HP: 13/34 MP: 9/17
  4427 | D:4      | Found a glowing silver altar of Zin.
  4458 | D:5      | Entered Level 5 of the Dungeon
  4484 | D:5      | Reached skill level 1 in Shields
  4484 | D:5      | Reached skill level 1 in Poison Magic
  4535 | D:5      | Reached skill level 7 in Spellcasting
  4600 | D:5      | Found a glowing drain.
  4608 | Sewer    | Entered a sewer
  4702 | Sewer    | Noticed a water moccasin
  4713 | Sewer    | Killed a water moccasin
  4714 | Sewer    | Reached skill level 1 in Evocations
  4854 | D:5      | Reached XP level 7. HP: 25/38 MP: 12/20
  4950 | D:5      | Reached skill level 8 in Spellcasting
  5195 | D:5      | Noticed Eustachio
  5245 | D:5      | Killed Eustachio
  5503 | D:5      | Reached skill level 9 in Spellcasting
  5503 | D:5      | Reached XP level 8. HP: 32/44 MP: 7/23
  5702 | D:5      | Learned a level 1 spell: Shock
  5706 | D:5      | Learned a level 3 spell: Swiftness
  5836 | D:5      | Found a runed translucent door.
  5837 | D:5      | Noticed Crazy Yiuf
  5846 | D:5      | Killed Crazy Yiuf
  6057 | D:6      | Reached skill level 5 in Conjurations
  6199 | D:6      | Found Rytavoradgh's Armour Shoppe.
  6331 | D:6      | Reached skill level 10 in Spellcasting
  6567 | D:6      | Noticed Grinder
  6667 | D:6      | Killed Grinder
  7023 | D:6      | Reached XP level 9. HP: 49/49 MP: 20/25
  7283 | D:7      | Found a snail-covered altar of Cheibriados.
  7343 | D:7      | Found a staircase to the Ecumenical Temple.
  7353 | Temple   | Entered the Ecumenical Temple
  7376 | Temple   | Became a worshipper of Vehumet
  7438 | D:7      | Noticed Dowan
  7439 | D:7      | Noticed Duvessa
  7446 | D:7      | Killed Duvessa
  7446 | D:7      | Killed Dowan
  7560 | D:7      | Reached skill level 11 in Spellcasting
  7700 | D:7      | Reached skill level 5 in Fire Magic
  8794 | D:8      | Found an iron altar of Okawaru.
  8852 | D:8      | Reached * piety under Vehumet
  8852 | D:8      | Offered knowledge of Foxfire by Vehumet.
  8855 | D:8      | Learned a level 1 spell: Foxfire
  8932 | D:8      | Reached skill level 12 in Spellcasting
  9002 | D:8      | Noticed Maurice
  9011 | D:8      | Killed Maurice
  9084 | D:8      | Reached XP level 10. HP: 47/54 MP: 24/28
  9817 | D:9      | Found Nofaug's Assorted Antiques.
  9898 | D:9      | Learned a level 5 spell: Bolt of Magma
  9906 | D:9      | Learned a level 7 spell: Orb of Destruction
  9988 | D:9      | Found a hazy altar of Hepliaklqana.
  9989 | D:9      | Found a shadowy altar of Dithmenos.
 10017 | D:10     | Entered Level 10 of the Dungeon
 10073 | D:10     | Found a broken altar of Ashenzari.
 10108 | D:10     | Reached skill level 13 in Spellcasting
 10290 | D:10     | Found a sparkling altar of Nemelex Xobeh.
 10442 | D:10     | Found a runed translucent door.
 10484 | D:10     | Noticed a cyclops
 10506 | D:10     | Killed a cyclops
 10555 | D:10     | Found a runed translucent door.
 10650 | D:10     | Noticed a manticore
 10650 | D:10     | Noticed a seven-headed hydra
 10671 | D:10     | Noticed a cyclops
 10676 | D:10     | Killed a cyclops
 11045 | D:10     | Killed a seven-headed hydra
 11046 | D:10     | Reached skill level 14 in Spellcasting
 11046 | D:10     | Reached XP level 11. HP: 59/59 MP: 3/31
 11274 | D:10     | Killed from afar by an efreet

Illustrated notes

Levels and vault maps discovered:
D:1:      dpeg_arrival_arbitrary_a, layout_loops_ring, basic_ecumenical_altar,
          serial_shops, shop_fountains
D:2:      layout_basic, basic_altar
D:3:      layout_basic, gammafunk_ghost_icy, st_stairs_11
D:4:      layout_cave_pools, minitemple, lemuel_round_altar,
          chequers_temple_overflow_statue_of_worship, elyvilon_altar_4
D:5:      layout_cave_pools, gup_sewer_entry_pipe, minmay_joined_circles,
          uniq_crazy_yiuf_cottage, uniq_eustachio
D:6:      layout_loops_corners, serial_shops, shop_fountains, serial_aquarium,
          aquarium_bridge_square [aquarium_subvault_wall,
          aquarium_subvault_bridge, aquarium_subvault_bridge,
          aquarium_subvault_window], aquarium_window_fake, aquarium_window_fake,
          aquarium_window_2, aquarium_window_fake, aquarium_view_2c,
          aquarium_view_2a, uniq_grinder
D:7:      layout_loops_ring, overflow_temple_1_default,
          minmay_temple_entry_statues_pillars, uniq_duvessa
D:8:      layout_loops_cross, kennysheep_mini, uniq_maurice
D:9:      layout_cave_pools, riverfiend_overflow_shadow_ancestor, serial_shops,
          shop
D:10:     minmay_the_grid_triangle_9x9_rhombus_thin
          [minmay_the_grid_triangle_9x9_corruption,
          minmay_the_grid_triangle_9x9_prize_center,
          minmay_the_grid_triangle_9x9_sparse_checkered,
          minmay_the_grid_triangle_9x9_subtriangle], layout_irregular_city,
          lemuel_round_altar, lemuel_crystal_altar,
          ebering_ghost_reflecting_pool
Temple:   compressed_dpeg_triangle_lava_temple

Skill      XL: |  1  2  3  4  5  6  7  8  9 10 |
---------------+-------------------------------+-----
Spellcasting   | 5 6 7 9 10 12 14 | 14.1
Armour         | 1 2 3 |  3.1
Fighting       | 1 2 |  2.6
Conjurations   | 2 3 4 5 7 8 |  8.3
Fire Magic     | 1 2 4 6 7 |  7.5
Dodging        | 3 |  3.0
Air Magic      | 1 |  1.1
Shields        | 1 3 4 |  4.1
Poison Magic   | 1 |  1.1
Stealth        | 3 |  3.1
Evocations     | 1 |  1.2
Summonings     | |  1.1
Translocations | |  1.1

Action                   |  1- 3 |  4- 6 |  7- 9 | 10-12 || total
-------------------------+-------+-------+-------+-------++-------
Melee: Dagger            |    12 |       |       |       ||    12
       Whip              |       |    29 |    64 |    19 ||   112
 Cast: Magic Dart        |   109 |    91 |    42 |       ||   242
       Mephitic Cloud    |       |     5 |    26 |     4 ||    35
       Conjure Flame     |       |     2 |    26 |     7 ||    35
       Call Imp          |       |     1 |     6 |     1 ||     8
       Shock             |       |       |   108 |       ||   108
       Swiftness         |       |       |     1 |     2 ||     3
       Bolt of Magma     |       |       |       |    21 ||    21
       Foxfire           |       |       |       |    21 ||    21
       Blink             |       |       |       |     2 ||     2
 Stab: Sleeping          |       |     2 |       |       ||     2
       Confused          |       |     4 |     6 |       ||    10
Armor: Robe              |     7 |       |       |       ||     7
       Leather armour    |     7 |    13 |    14 |    14 ||    48
Dodge: Dodged            |    24 |    43 |    75 |    18 ||   160
Block: Buckler           |       |       |       |     4 ||     4

Table legend: (Time is in decaauts)
 A = Elapsed time spent in this place.
 B = Non-inter-level travel time spent in this place.
 C = Inter-level travel time spent in this place.
 D = Time resting spent in this place.
 E = Time spent auto-exploring this place.
 F = Levels seen in this place.
 G = Mean time per level.
                   A        B        C        D        E       F      G
               +--------+--------+--------+--------+--------+-----+--------+
         Total |  11302 |  10959 |    343 |    584 |   8650 |  12 |  941.8 |
       Dungeon |  11041 |  10715 |    326 |    584 |   8466 |  10 | 1104.1 |
        Temple |     41 |     24 |     17 |      0 |     15 |   1 |   41.0 |
         Sewer |    219 |    219 |      0 |      0 |    169 |   1 |  219.0 |
               +--------+--------+--------+--------+--------+-----+--------+

Top non-repeatable levels by time:
     D:6: 1343 daAuts
     D:1: 1285 daAuts
     D:5: 1254 daAuts
     D:4: 1172 daAuts
     D:8: 1069 daAuts
     D:2: 1038 daAuts
     D:7: 1007 daAuts
    D:10: 979 daAuts
     D:3: 962 daAuts
     D:9: 928 daAuts
   Sewer: 219 daAuts
  Temple: 41 daAuts
